 Dungeon Crawl Stone Soup version 0.24.0-41-g2ae2f7f1be (webtiles) character file.

Game seed: 14142534980724224894, levelgen mode: deterministic

48355 ReteAZ the Severer (level 14, -12/133 HPs)
             Began as a Deep Dwarf Fighter on Dec 12, 2019.
             Was the Champion of Makhleb.
             Mangled by an orc knight
             ... wielding a +3 bardiche of venom
              (26 damage)
             ... on level 2 of the Orcish Mines on Dec 13, 2019.
             The game lasted 00:58:41 (17821 turns).

ReteAZ the Severer (Deep Dwarf Fighter)            Turns: 17821, Time: 00:58:43

Health: -12/133    AC: 24    Str: 24    XL:     14   Next: 12%
Magic:  12/12      EV: 11    Int:  9    God:    Makhleb [******]
Gold:   2015       SH:  0    Dex: 13    Spells: 13/13 levels left

rFire    + . .     SeeInvis .   m - +0 battleaxe
rCold    . . .     Gourm    .   (shield currently unavailable)
rNeg     + . .     Faith    .   S - +1 plate armour {rF+}
rPois    .         Spirit   .   O - +0 helmet
rElec    .         Reflect  .   L - +0 cloak
rCorr    .         Harm     .   u - +1 pair of gloves
MR       ++...                  (no boots)
Stlth    ..........             n - amulet of magic regeneration
HPRegen  0.00/turn              r - +2 ring of protection
MPRegen  0.38/turn              B - +4 ring of evasion

@: non-regenerating
A: damage resistance, heal wounds, negative energy resistance 1, sense
surroundings 2, no regeneration
a: Heal Wounds, Minor Destruction, Lesser Servant of Makhleb, Major Destruction,
Greater Servant of Makhleb, Renounce Religion


You were on level 2 of the Orcish Mines.
You worshipped Makhleb.
Makhleb was exalted by your worship.
You were not hungry.

You visited 3 branches of the dungeon, and saw 21 of its levels.

You collected 2015 gold pieces.

Inventory:

Hand Weapons
 m - a +0 battleaxe (weapon)
 G - a +2 war axe of flaming
Missiles
 N - 34 poisoned darts (quivered)
Armour
 c - a +0 shield
 u - a +1 pair of gloves (worn)
 E - a +3 scale mail of cold resistance
 L - a +0 cloak (worn)
 O - a +0 helmet (worn)
 R - +1 ice dragon scales
 S - a +1 plate armour of fire resistance (worn)
 X - a +0 large shield
Jewellery
 n - an amulet of magic regeneration (around neck)
 r - a +2 ring of protection (left hand)
 x - an uncursed ring of fire
 B - a +4 ring of evasion (right hand)
 P - an uncursed ring of protection from cold
 Y - a +1 ring of evasion
Wands
 b - a wand of polymorph (9)
 e - a wand of flame (18)
 h - a wand of clouds (5)
 y - a wand of disintegration (17)
 A - a wand of digging (8)
 F - a wand of enslavement (7)
 W - a wand of random effects (15)
Scrolls
 a - 4 scrolls of enchant weapon
 g - 5 scrolls of teleportation
 i - 2 scrolls of blinking
 j - 8 scrolls of immolation
 l - 5 scrolls of remove curse
 t - 2 scrolls of enchant armour
 v - 2 scrolls of magic mapping
 M - a scroll of silence
 U - a scroll of amnesia
 V - 2 scrolls of identify
 Z - a scroll of fog
Potions
 d - 5 potions of might
 k - a potion of agility
 o - 6 potions of curing
 p - 4 potions of heal wounds
 q - 2 potions of invisibility
 s - 2 potions of cancellation
 w - 3 potions of lignification
 z - 2 potions of brilliance
 C - a potion of mutation {unknown}
 D - 3 potions of flight {unknown}
 H - 2 potions of haste {unknown}
 J - a potion of resistance {unknown}
 T - a potion of magic {unknown}
Miscellaneous
 Q - a lightning rod (4/4)
Comestibles
 f - 46 rations
 I - 3 chunks of flesh


   Skills:
 + Level 10.4 Fighting
 - Level 16.0 Axes
 + Level 12.1 Armour
 * Level 13.2 Shields
 - Level 4.1 Invocations


You had 13 spell levels left.
You didn't know any spells.
Your spell library contained the following spells:

 Spells                   Type           Power        Failure   Level  Hunger
 Animate Skeleton         Necr           N/A          98%         1    ##.....
 Apportation              Tloc           #.....       98%         1    ##.....
 Confusing Touch          Hex            #.....       98%         1    ##.....
 Corona                   Hex            #......      98%         1    ##.....
 Sting                    Conj/Pois      #...         98%         1    ##.....
 Summon Small Mammal      Summ           #...         98%         1    ##.....
 Poisonous Vapours        Pois/Air       #.....       99%         2    ###....
 Slow                     Hex            #.......     99%         2    ###....
 Inner Flame              Hex/Fire       #.......     100%        3    ####...
 Mephitic Cloud           Conj/Pois/Air  #.......     100%        3    ####...
 Portal Projectile        Hex/Tloc       #.....       100%        3    ####...
 Cause Fear               Hex            #.........   100%        4    #####..
 Leda's Liquefaction      Hex/Erth       #.........   100%        4    #####..
 Olgreb's Toxic Radiance  Pois           #.......     100%        4    #####..
 Venom Bolt               Conj/Pois      #.........   100%        5    ######.


Dungeon Overview and Level Annotations

Branches:
Dungeon (13/15)            Temple (0/1) D:4            Lair (6/6) D:10
 Shoals (0/4) Lair:2       Spider (0/4) Lair:4          Orc (2/2) D:10
    Elf (0/3) Orc:2        Vaults (0/5) D:13
  Slime: Lair:5-6

Altars:
Fedhas
Gozag
Kikubaaqudgha
Makhleb
Nemelex Xobeh
Okawaru
Qazlal
Sif Muna
Uskayaw
Vehumet
Wu Jian
Xom
Yredelemnul
Zin
Beogh

Shops:
D:6 }   D:11 !

Annotations:
D:3 Grinder
D:4 2 runed translucent doors, Delamore's ghost, amateur HOFi
D:12 3 runed translucent doors, Zirot's ghost, journeyman GrFi
D:13 Urug
Lair:3 1 runed translucent door, exclusion: 3 oklob plants, Fuavont's ghost, journeyman GrEE


Innate Abilities, Weirdness & Mutations

You are resistant to damage.
You can heal yourself by infusing magical energy.
You resist negative energy. (rN+)
You passively map the area around you.
You do not regenerate.


Message History

Your neqoxec gestures at the orc high priest.
The orc high priest twists and deforms.
You hit the orc high priest.
The orc high priest is lightly wounded.
You miss the orc high priest.
The rust devil barely misses your neqoxec.
The orc high priest prays to Beogh.
The orc knight hits you from afar with a +3 bardiche of venom!!
* * * LOW HITPOINT WARNING * * *
The orc high priest calls upon Beogh to heal the orc high priest.
The orc high priest's wounds heal themselves!
Your neqoxec hits the orc high priest!
You feel much better. The rust devil hits your neqoxec.
The rust devil corrodes your neqoxec!
The orc high priest misses your neqoxec.
The orc high priest calls down the wrath of Beogh upon you.
Beogh smites you!
* * * LOW HITPOINT WARNING * * *
The orc knight hits you from afar with a +3 bardiche of venom!!
You die...

* , , **#........#.....###
,,....###.##...........#. ,
,......##............... ,
......##..............) ∩ , ,
.....###......##..... * ,
,...3.#.............. * ,
,#oo.##............. * ,,
#oo4#.)........... ### * ,,
##@34#[#<)......... ##.###
###)3..##.)).........
#....#####.....###....).....[.
##.......[[...##.....#.....[..
#.......[...##.......##...#..
##........###.[.[.#>.##...#..
#........##[..[.......##)#...
###..........[#[.........#[##..
##........#.#)................#.


You could see an orc knight, 2 orc high priests, a rust devil, a ynoxinul, a red
devil, an orc warrior, a friendly smoke demon and a friendly neqoxec.

Vanquished Creatures
  An ironheart preserver (D:13)
  An ettin (Orc:2)
  3 hydras
  A two-headed ogre (D:9)
  4 death yaks (Lair:3)
  A tengu warrior (D:12)
  2 orc high priests (Orc:2)
  3 unseen horrors
  4 skeletal warriors (D:10)
  A lindwurm (Lair:3)
  3 orc knights (Orc:2)
  3 ugly things
  A wolf spider (Lair:4)
  4 orc sorcerers (Orc:2)
  3 cyclopes
  3 manticores
  4 black mambas
  A gargoyle (D:11)
  12 spiny frogs
  3 komodo dragons
  2 rime drakes
  2 trolls
  A tengu conjurer (D:13)
  A hornet (D:8)
  A queen bee (D:9)
  A jumping spider (Lair:4)
  A slime creature (D:13)
  4 blink frogs (Lair:4)
  8 hippogriffs
  Prince Ribbit (D:7)
  2 redbacks (Lair:4)
  2 wyverns
  A vampire (D:12)
  A basilisk (Lair:1)
  26 yaks
  A hungry ghost (D:12)
  3 vampire mosquitoes (D:12)
  Menkaure (D:5)
  Edmund (D:5)
  2 wargs (Orc:2)
  An acid dragon (D:11)
  3 soldier ants
  5 water moccasins
  Duvessa (D:6)
  8 porcupines
  3 sky beasts
  3 black bears
  2 ice beasts
  18 orc warriors
  3 phantoms
  2 eyes of draining
  3 necrophages
  12 ogres
  4 centaurs
  12 crocodiles
  Blork the orc (D:5)
  A big kobold (D:10)
  6 bullfrogs
  Dowan (D:6)
  6 scorpions
  25 killer bees (D:9)
  A wight (D:13)
  3 howler monkeys
  2 electric eels (Lair:3)
  3 centaur zombies
  A bullfrog zombie (D:8)
  4 crimson imps
  5 hounds
  7 jellies
  A bullfrog skeleton (D:12)
  21 orc priests
  3 centaur skeletons
  20 orc wizards
  3 iguanas
  9 worker ants
  2 hound zombies
  A hound skeleton (D:11)
  6 gnolls
  6 adders
  3 shadow imps
  An ooze (D:2)
  An adder skeleton (D:8)
  2 adder zombies
  A worm (D:3)
  A dart slug (D:1)
  5 leopard geckos
  80 orcs
  6 bats
  8 giant cockroaches
  13 goblins
  7 hobgoblins
  9 jackals
  3 quokkas
  6 ball pythons
  7 frilled lizards
  9 kobolds
  A quokka skeleton (D:4)
  5 rats
  2 fungi
  A plant (Lair:5)
509 creatures vanquished.

Vanquished Creatures (collateral kills)
  A two-headed ogre (D:12)
  An orc knight (Orc:2)
  An ugly thing (D:12)
  A hippogriff (D:12)
  A basilisk (D:13)
  2 orc warriors
  A jelly (D:13)
  An orc priest (Orc:2)
  An iguana (D:12)
  An adder (D:12)
  7 orcs
18 creatures vanquished.

Vanquished Creatures (others)
  A fungus (Lair:3)
  2 plants (D:10)
3 creatures vanquished.

Grand Total: 530 creatures vanquished

Notes
Turn   | Place    | Note
-------+----------+-------------------------------------------
     0 | D:1      | ReteAZ the Deep Dwarf Fighter began the quest for the Orb.
     0 | D:1      | Reached XP level 1. HP: 20/20 MP: 1/1
   125 | D:1      | Reached XP level 2. HP: 25/27 MP: 2/2
   652 | D:1      | Reached skill level 3 in Axes
   780 | D:1      | Reached XP level 3. HP: 30/33 MP: 3/3
   950 | D:2      | Reached XP level 4. HP: 28/42 MP: 4/4
  1074 | D:3      | Found a burning altar of Makhleb.
  1096 | D:3      | Became a worshipper of Makhleb the Destroyer
  1284 | D:2      | Found a glowing silver altar of Zin.
  1287 | D:2      | Found an opulent altar of Gozag.
  1288 | D:2      | Found an iron altar of Okawaru.
  1289 | D:2      | Found a blossoming altar of Fedhas.
  1290 | D:2      | Found a radiant altar of Vehumet.
  1292 | D:2      | Found a basalt altar of Yredelemnul.
  1293 | D:2      | Found a sparkling altar of Nemelex Xobeh.
  1505 | D:2      | Reached * piety under Makhleb
  1590 | D:2      | Found a burning altar of Makhleb.
  1590 | D:2      | Found a shimmering altar of Xom.
  1956 | D:3      | Reached skill level 4 in Axes
  1956 | D:3      | Reached XP level 5. HP: 29/49 MP: 5/5
  1986 | D:3      | Noticed a black bear
  2010 | D:3      | HP: 2/49 [black bear (4)]
  2018 | D:3      | Killed a black bear
  2554 | D:3      | Noticed Grinder
  2554 | D:3      | Paralysed by Grinder for 7 turns
  2626 | D:4      | Reached XP level 6. HP: 43/57 MP: 5/5
  2657 | D:4      | Reached skill level 5 in Axes
  2768 | D:4      | Reached XP level 7. HP: 44/64 MP: 6/6
  2910 | D:4      | Reached skill level 5 in Shields
  2926 | D:4      | Reached skill level 5 in Armour
  2958 | D:4      | Found a staircase to the Ecumenical Temple.
  2987 | D:4      | Reached skill level 6 in Axes
  3042 | D:4      | Reached ** piety under Makhleb
  3120 | D:4      | Found an ancient bone altar of Kikubaaqudgha.
  3120 | D:4      | Found a hide-covered altar of Uskayaw.
  3122 | D:4      | Found a stormy altar of Qazlal.
  3127 | D:4      | Reached skill level 7 in Axes
  3379 | D:4      | Found a large runed translucent door.
  3379 | D:4      | Found a large runed translucent door.
  3383 | D:4      | Noticed Delamore's ghost (amateur HOFi)
  3449 | D:5      | Entered Level 5 of the Dungeon
  3468 | D:5      | Noticed Menkaure
  3484 | D:6      | Noticed Duvessa
  3485 | D:6      | Noticed Dowan
  3493 | D:6      | Killed Duvessa
  3502 | D:6      | Killed Dowan
  3613 | D:6      | Reached skill level 8 in Axes
  3613 | D:6      | Reached XP level 8. HP: 45/72 MP: 7/7
  4290 | D:6      | Reached skill level 9 in Axes
  4294 | D:6      | Found Vaterave's Gadget Boutique.
  4532 | D:5      | Noticed Blork the orc
  4538 | D:5      | Killed Blork the orc
  4640 | D:5      | Killed Menkaure
  4640 | D:5      | Reached skill level 10 in Axes
  4938 | D:5      | Found a shimmering blue altar of Sif Muna.
  4941 | D:5      | Noticed Edmund
  4954 | D:5      | Killed Edmund
  5311 | D:7      | Noticed Prince Ribbit
  5324 | D:7      | Killed Prince Ribbit
  5324 | D:7      | Reached skill level 11 in Axes
  5403 | D:7      | Gained mutation: You passively map the area around you.
                  | [Deep Dwarf growth]
  5403 | D:7      | Reached XP level 9. HP: 64/78 MP: 7/7
  6347 | D:8      | Reached skill level 12 in Axes
  6517 | D:8      | You fall into a shaft and drop 2 floors!
  6517 | D:10     | Entered Level 10 of the Dungeon
  6518 | D:10     | Found a staircase to the Lair.
  6519 | D:10     | Noticed a komodo dragon
  6581 | D:10     | Reached *** piety under Makhleb
  6905 | D:8      | Paralysed by a hornet for 2 turns
  6914 | D:8      | Paralysed by a hornet for 1 turns
  6917 | D:8      | Reached skill level 13 in Axes
  7229 | D:9      | Found an ornate altar of the Wu Jian Council.
  7387 | D:9      | Noticed a queen bee
  7403 | D:9      | Killed a queen bee
  7403 | D:9      | Reached XP level 10. HP: 54/85 MP: 8/8
  7436 | D:9      | Reached skill level 14 in Axes
  7524 | D:9      | Reached **** piety under Makhleb
  7633 | D:9      | Noticed a two-headed ogre
  7791 | D:9      | Reached skill level 15 in Axes
  7935 | D:9      | Killed a two-headed ogre
  8135 | D:10     | Reached skill level 16 in Axes
  8281 | D:10     | Noticed a skeletal warrior
  8352 | D:10     | Killed a skeletal warrior
  8352 | D:10     | Reached skill level 1 in Invocations
  8352 | D:10     | Reached XP level 11. HP: 46/93 MP: 7/9
  8376 | D:10     | Reached ***** piety under Makhleb
  8652 | D:10     | Noticed a skeletal warrior
  8766 | D:10     | Noticed a skeletal warrior
  8767 | D:10     | Noticed a skeletal warrior
  8792 | D:10     | Found a staircase to the Orcish Mines.
  8804 | Orc:1    | Entered Level 1 of the Orcish Mines
  9243 | Orc:2    | Entered Level 2 of the Orcish Mines
  9248 | Orc:2    | Noticed an orc knight
  9524 | D:11     | Reached skill level 5 in Fighting
  9569 | D:11     | Found Bocol's Distillery.
  9773 | D:11     | HP: 2/96 [cyclops (18)]
  9818 | D:11     | Killed an unseen horror
  9895 | D:11     | Noticed a seven-headed hydra
  9909 | D:11     | Killed a one-headed hydra
 10069 | D:11     | Noticed a green ugly thing
 10087 | D:11     | Killed a green ugly thing
 10107 | D:11     | Noticed a five-headed hydra
 10135 | D:11     | Killed a one-headed hydra
 10392 | D:11     | Noticed a cyan ugly thing
 10405 | D:11     | Killed a cyan ugly thing
 10405 | D:11     | Reached XP level 12. HP: 95/106 MP: 12/12
 10870 | D:12     | Noticed a four-headed hydra
 10878 | D:12     | Killed a one-headed hydra
 10891 | D:12     | Got a translucent ring mail
 10902 | D:12     | Identified the +1 ring mail "Wonnuq" {Stlth+} (You found it
                  | on level 12 of the Dungeon)
 10931 | D:12     | Noticed a tengu warrior
 10959 | D:12     | Killed a tengu warrior
 11217 | Orc:2    | Found a staircase to the Elven Halls.
 11314 | Orc:2    | Noticed an ettin
 11325 | Orc:2    | Killed an ettin
 11421 | Orc:2    | Noticed an orc high priest
 11689 | Orc:2    | Reached skill level 10 in Shields
 11703 | Orc:2    | Reached skill level 10 in Armour
 11822 | Orc:2    | Noticed an orc high priest
 11858 | Orc:2    | Killed an orc high priest
 12104 | Orc:2    | Noticed an orc high priest
 12123 | Orc:2    | Killed an orc high priest
 12173 | Orc:2    | HP: 3/112 [orc sorcerer/bolt of negative energy (16)]
 12538 | Lair:1   | Entered Level 1 of the Lair of Beasts
 12901 | Lair:1   | Reached XP level 13. HP: 89/120 MP: 11/11
 13412 | Lair:2   | Found a staircase to the Shoals.
 14221 | Lair:3   | Found a runed translucent door.
 14224 | Lair:3   | Found a shimmering altar of Xom.
 14224 | Lair:3   | Noticed Fuavont's ghost (journeyman GrEE)
 14644 | Lair:3   | You fall into a shaft and drop 2 floors!
 15575 | Lair:4   | Found a hole to the Spider Nest.
 15814 | Lair:5   | Reached skill level 10 in Fighting
 16393 | Lair:6   | Entered Level 6 of the Lair of Beasts
 16562 | D:12     | Reached ****** piety under Makhleb
 16696 | D:12     | Found a runed translucent gate.
 16697 | D:12     | Found a runed translucent gate.
 16697 | D:12     | Identified the +3 glaive "Petwefa" {vamp, Stlth+}
 16704 | D:12     | Found a runed translucent gate.
 16705 | D:12     | Found a roughly hewn altar of Beogh.
 16705 | D:12     | Noticed Zirot's ghost (journeyman GrFi)
 17117 | D:13     | Gained mutation: You resist negative energy. (rN+) [Deep
                  | Dwarf growth]
 17117 | D:13     | Reached XP level 14. HP: 132/132 MP: 12/12
 17157 | D:13     | Noticed an ironheart preserver
 17159 | D:13     | Found a gate to the Vaults.
 17196 | D:13     | Killed an ironheart preserver
 17436 | D:13     | Noticed Urug
 17821 | Orc:2    | Mangled by an orc knight

Levels and vault maps discovered:
D:1:      onia_arrival_pentagram, layout_loops_corners
D:2:      layout_loops_ring, gammafunk_temple_overflow_elements, minitemple
D:3:      layout_loops_corners, first_ration, bloody_makhleb, uniq_grinder
D:4:      layout_loops_corners, gammafunk_temple_overflow_forgotten,
          minmay_temple_entry_glass, ebering_ghost_disaster_area
D:5:      layout_loops_ring, lemuel_round_altar, uniq_blork_the_orc,
          uniq_menkaure, uniq_edmund
D:6:      layout_basic, serial_shops, nicolae_shop_waterfront, uniq_duvessa
D:7:      lemuel_upstairs_altar, layout_layer_cave, uniq_prince_ribbit1
D:8:      layout_basic, hangedman_pestilent_swarm
D:9:      layout_roguey [special_room_bee], overflow_temple_1_default
D:10:     layout_stronghold, david_lair_shrubbed, david_orc_4
D:11:     minmay_the_grid_octo_triangle [minmay_the_grid_octo_pinwheel,
          minmay_the_grid_octo_prize_big_c,
          minmay_the_grid_octo_vomiting_pacman], layout_basic, serial_shops,
          nicolae_shop_waterfront
D:12:     layout_cave_pools, biasface_ghost_orc_armoury, minmay_checkerbox
D:13:     layout_loops_ring, skrybe_vaults_entry_preservation,
          minmay_fountain_box, uniq_josephine, uniq_urug
Lair:1:   layout_cave_shapes
Lair:2:   layout_roguey, elwin_shoals_entry_rocks
Lair:3:   layout_chaotic_city, ebering_ghost_xom, nicolae_quartered_pool_super,
          grunt_megastairs_4, minmay_lair_oklob_chamber, lemuel_fruit_tree,
          serial_bayou_shore_b
Lair:4:   layout_roguey, spider_nest_entry_funnel_web, st_stairs_8,
          grunt_megastairs_2
Lair:5:   layout_layer_cave, infiniplex_staircase_pool_2
Lair:6:   grunt_lair_end_beastmaster, layout_loops_ring, slime_altar_1
Orc:1:    layout_caves, nicolae_orc_bridge_out
Orc:2:    grunt_orc_tribal_feast, layout_caves

Skill      XL: |  1  2  3  4  5  6  7  8  9 10 11 12 13 |
---------------+----------------------------------------+-----
Axes           | 3 4 5 8 11 13 16 | 16.0
Fighting       | 3 4 6 8 10 | 10.4
Shields        | 4 5 8 10 13 | 13.2
Armour         | 4 5 8 10 12 | 12.1
Invocations    | 1 4 |  4.1

Action                   |  1- 3 |  4- 6 |  7- 9 | 10-12 | 13-15 || total
-------------------------+-------+-------+-------+-------+-------++-------
Melee: War axe           |   118 |   159 |   318 |   886 |   459 ||  1940
       Battleaxe         |       |       |       |       |   168 ||   168
       Unarmed           |       |       |       |       |    11 ||    11
Throw: Stone             |       |     6 |     4 |       |       ||    10
       Boomerang         |       |       |     3 |    36 |    20 ||    59
       Dart              |       |       |       |       |     4 ||     4
Invok: Lesser Servant of |       |       |       |     9 |     4 ||    13
 Abil: Heal Wounds       |       |     2 |     2 |     9 |     2 ||    15
  Use: Scroll            |       |     6 |     2 |    14 |     7 ||    29
       Potion            |       |     1 |     2 |     3 |     1 ||     7
 Stab: Distracted        |       |       |       |     1 |     5 ||     6
  Eat: Chunk             |       |     7 |    14 |    20 |    15 ||    56
       Ration            |       |       |       |       |     1 ||     1
Armor: Scale mail        |    46 |   104 |    87 |    59 |       ||   296
       Plate armour      |       |       |    10 |   251 |   204 ||   465
       Skin              |       |       |       |       |     2 ||     2
Dodge: Dodged            |    30 |    55 |   109 |   207 |   153 ||   554
Block: Shield            |    61 |    97 |   126 |   347 |   191 ||   822
